 Dungeon Crawl Stone Soup version 0.16-a0-3761-g2321f2b (console) character file.

175 Monkaria the Chopper (level 5, 37/41 HPs)
             Began as a Demonspawn Fighter on Jan 24, 2015.
             Quit the game on level 5 of the Dungeon.
             The game lasted 00:01:30 (986 turns).

Monkaria the Chopper (Demonspawn Fighter)            Turns: 986, Time: 00:01:30

Health: 37/41      AC:  7    Str: 17    XL:     5   Next: 29%
Magic:  5/5        EV:  9    Int:  9    God:
Gold:   69         SH:  8    Dex: 13    Spells: 0 memorised, 4 levels left

rFire  . . .     SeeInvis .     a - +0 war axe
rCold  + . .     Clarity  .     b - +1 scale mail
rNeg   . . .     SustAb   .     c - +0 shield
rPois  .         Gourm    .     (no helmet)
rElec  .         Spirit   .     (no cloak)
rCorr  .         Warding  .     (no gloves)
rMut   .         Stasis   .     (no boots)
MR     .....                    m - amulet of rage
Stlth  ..........               f - +3 ring of evasion
                                h - ring of protection from cold

@: not resistant to hostile enchantments, extremely unstealthy
A: claws 1, rot immunity
a: Evoke Berserk Rage


You were on level 5 of the Dungeon.
You were not hungry.

You visited 1 branch of the dungeon, and saw 4 of its levels.

You collected 69 gold pieces.

Inventory:

Hand weapons
 a - a +0 war axe (weapon)
Armour
 b - a +1 scale mail (worn)
 c - a +0 shield (worn)
Jewellery
 f - a +3 ring of evasion (right claw)
 h - a ring of protection from cold (left claw)
 m - an amulet of rage (around neck)
Scrolls
 j - a scroll of enchant weapon {unknown}
 l - a scroll of identify {unknown}
Potions
 g - 2 potions of lignification {unknown}
 k - a potion of agility {unknown}
Comestibles
 d - a bread ration
 i - a meat ration


   Skills:
 - Level 3.0 Fighting
 + Level 5.1 Axes
 - Level 2.6 Armour
 - Level 2.6 Shields


You had 4 spell levels left.
You didn't know any spells.

Dungeon Overview and Level Annotations

Branches:
Dungeon (5/15)
 Temple: D:4-7

Altars:
Dithmenos


Innate Abilities, Weirdness & Mutations

You have sharp fingernails.
You are immune to rotting.


Message History

You kill the ogre!
Your Axes skill increases to level 5!
You have reached level 5!
Your demonic ancestry asserts itself...
Your fingernails lengthen.
You start resting.
You hear a distant blaring wail to the west.
You start resting.
You feel a little less mighty now.
You start resting.
A rat comes into view.
A rat is nearby!
Found a fuming purple potion.
Found a stone staircase leading up.
Things that are here:
a giant spiked club; an ogre corpse You butcher the ogre corpse.
Things that are here:
a giant spiked club; 3 chunks of flesh The rat twitches its whiskers.
Are you sure you want to abandon this character and quit the game? (Confirm with "yes".)

..## .... # .
.... .. #. ##..#
.... .. ...#
...## #r
#..#.(...#
#..#..#$....#
...###r#...<....#
.!......@.#
..####.#)##
####.#.####.#....
#.............#
#.......###.###
#.......#
#.......########
#.......#......#
#.....>.#......#
##


You could see a rat.

Vanquished Creatures
  An ogre (D:5)
  A crimson imp (D:5)
  A worker ant zombie (D:5)
  4 adders
  A giant cockroach (D:2)
  4 jackals (D:2)
  3 bats
  A giant newt (D:5)
  4 goblins
  A kobold (D:2)
  2 rats
23 creatures vanquished.

Notes
Turn   | Place    | Note
--------------------------------------------------------------
     0 | D:1      | Monkaria, the Demonspawn Fighter, began the quest for the Orb.
     0 | D:1      | Reached XP level 1. HP: 18/18 MP: 1/1
    14 | D:1      | You fall through a shaft!
   232 | D:2      | Gained mutation: You are immune to rotting. [demonic ancestry]
   232 | D:2      | Reached XP level 2. HP: 18/24 MP: 2/2
   368 | D:2      | Reached XP level 3. HP: 19/29 MP: 3/3
   449 | D:2      | You fall through a shaft for 2 floors!
   703 | D:4      | You fall through a shaft!
   703 | D:5      | Entered Level 5 of the Dungeon
   808 | D:5      | Found a shadowy altar of Dithmenos.
   817 | D:5      | Reached skill level 4 in Axes
   817 | D:5      | Reached XP level 4. HP: 35/35 MP: 4/4
   833 | D:5      | Noticed an ogre
   841 | D:5      | Killed an ogre
   841 | D:5      | Reached skill level 5 in Axes
   841 | D:5      | Gained mutation: You have sharp fingernails. [demonic ancestry]
   841 | D:5      | Reached XP level 5. HP: 18/41 MP: 5/5
   986 | D:5      | Quit the game

Action                   |  1- 3 |  4- 6 || total
-------------------------+-------+-------++-------
Melee: War axe           |    78 |     5 ||    83
  Use: Scroll            |     2 |       ||     2
       Potion            |       |     1 ||     1
